 Dungeon Crawl Stone Soup version 0.27-a0-1381-g81fdcbfb23 (webtiles) character file.

Game seed: 11371140171618295183

144 Lentor the Chopper (level 5, -6/70 HPs)
             Began as a Minotaur Berserker on June 30, 2021.
             Was a Believer of Trog.
             Mangled by Pikel (15 damage)
             ... on level 4 of the Dungeon.
             The game lasted 00:04:33 (3406 turns).

Lentor the Chopper (Minotaur Berserker)             Turns: 3406, Time: 00:04:33

Health: -6/70      AC:  8    Str: 23    XL:     5   Next: 5%
Magic:  4/4        EV: 10    Int:  4    God:    Trog [**....]
Gold:   122        SH:  3    Dex:  9    Spells: 4/4 levels left

rFire    . . .     SeeInvis .   a - +0 hand axe
rCold    . . .     Faith    .   j - +0 buckler
rNeg     . . .     Spirit   .   e - +0 scale mail
rPois    .         Reflect  .   (helmet restricted)
rElec    .         Harm     .   q - +0 cloak
rCorr    .         Rampage  .   (no gloves)
Will     ++...                  (no boots)
Stlth    ..........             (no amulet)
HPRegen  1.21/turn              (no ring)
MPRegen  0.09/turn              (no ring)

@: berserking, strong-willed, regenerating, very quick
A: horns 2, retaliatory headbutt
a: Renounce Religion, Berserk, Trog's Hand


You were on level 4 of the Dungeon.
You worshipped Trog.
Trog was pleased with you.
You visited 1 branch of the dungeon, and saw 4 of its levels.

You collected 122 gold pieces.

Inventory:

Hand Weapons
 a - a +0 hand axe (weapon)
Missiles
 b - 23 poisoned darts
 i - 140 stones
Armour
 e - a +0 scale mail (worn)
 j - a +0 buckler (worn)
 q - a +0 cloak (worn)
Scrolls
 c - 2 scrolls of identify {unknown}
 d - a scroll of magic mapping {unknown}
 h - 2 scrolls of immolation {unknown}
 k - a scroll of acquirement {unknown}
 p - 3 scrolls of amnesia {unknown}
 s - a scroll of silence {unknown}
Potions
 f - a potion of magic {unknown}
 g - 2 potions of heal wounds {unknown}
 l - a potion of brilliance {unknown}
 m - a potion of ambrosia {unknown}
 n - a potion of haste {unknown}
 o - a potion of attraction {unknown}
 r - 2 potions of curing {unknown}
 t - a potion of resistance {unknown}


   Skills:
 + Level 4.7 Fighting
 + Level 5.1 Axes
 + Level 3.5 Armour
 + Level 2.5 Dodging
 + Level 0.2 Stealth
 * Level 1.1 Shields


You had 4 spell levels left.
You didn't know any spells.
Your spell library contained the following spells:

 Spells                   Type           Power      Damage    Failure   Level
 Sandblast                Erth           0%         2d4       90%         1
 Passwall                 Tmut/Erth      0%         N/A       97%         2
 Stone Arrow              Conj/Erth      0%         3d7       99%         3
 Petrify                  Tmut/Erth      0%         N/A       100%        4
 Lee's Rapid Deconstruct  Erth           0%         3d5*      100%        5


Dungeon Overview and Level Annotations

Branches:
Dungeon (4/15)
 Temple: D:4-7

Altars:
Elyvilon
Gozag

Annotations:
D:4 Pikel


Innate Abilities, Weirdness & Mutations

You have a pair of horns on your head.
You reflexively headbutt those who attack you in melee.


Message History

Your surroundings suddenly seem different.
A lemure comes into view.
The lemure shouts!
A lemure comes into view.
The lemure shouts!
A lemure comes into view.
The lemure shouts!
A lemure comes into view.
Pikel the Slaver comes into view.
He is wielding a +1 whip of electrocution.
Found 17 gold pieces.
Found an opulent altar of Gozag.
You hit Pikel but do no damage.
Pikel hits you with a +1 whip of electrocution.
You are electrocuted!
The lemure completely misses you. You furiously retaliate!
You headbutt the lemure. You barely miss Pikel. Your headbutt misses Pikel.
You barely miss the lemure. You hit the lemure.
Pikel hits you with a +1 whip of electrocution.
The lemure misses you. You furiously retaliate!
You headbutt the lemure! The lemure closely misses you.
You closely miss Pikel. You closely miss the lemure.
You hit the lemure but do no damage.
Pikel hits you with a +1 whip of electrocution.
The lemure hits you but does no damage. The lemure hits you.
You closely miss Pikel. Your headbutt misses Pikel.
You hit the lemure but do no damage. x2
Pikel hits you with a +1 whip of electrocution.
The lemure hits you but does no damage. The lemure barely misses you.
Your skin crawls.
You feel strong-willed.
Pikel hits you with a +1 whip of electrocution.
The lemure closely misses you. You block the lemure's attack.
A red film seems to cover your vision as you go berserk!
You feel yourself moving faster!
You feel mighty! Pikel barely misses you. The lemure hits you. x2
* * * LOW HITPOINT WARNING * * *
You closely miss Pikel. You hit the lemure. x2
Pikel hits you with a +1 whip of electrocution!
* * * LOW HITPOINT WARNING * * *
You are electrocuted!
You die...

#.(...###...#
#.####....#....###
##.#.>.......####
#....###...### ...
#...# ... #...#
###.#####...#####
#....$#.........#
#@# #.#######.##
#.5K5.#. #....#
###5#.# #.##.##
.5..# #.##..## #.#
#


#.PPP.PP #.. #.P..... ### #.PPPPP. #....... #.PPPPPP You could see Pikel and 4
lemures.

Vanquished Creatures
  Crazy Yiuf (D:3)
  An iguana (D:4)
  An adder (D:2)
  An adder skeleton (D:4)
  A worm (D:2)
  2 dart slugs (D:2)
  3 orcs (D:3)
  9 endoplasms
  A giant cockroach (D:1)
  6 goblins
  4 hobgoblins
  3 jackals (D:1)
  4 kobolds
  3 quokkas
  13 ball pythons
  5 bats
  2 frilled lizards
  6 rats
66 creatures vanquished.

Notes
Turn   | Place    | Note
-------+----------+-------------------------------------------
     0 | D:1      | Lentor the Minotaur Berserker began the quest for the Orb.
     0 | D:1      | Reached XP level 1. HP: 19/19 MP: 0/0
   450 | D:1      | Reached XP level 2. HP: 27/27 MP: 1/1
   567 | D:1      | Reached skill level 4 in Axes
   803 | D:1      | Reached ** piety under Trog
  1201 | D:1      | Reached XP level 3. HP: 34/34 MP: 2/2
  2346 | D:3      | Found a runed translucent door.
  2347 | D:3      | Noticed Crazy Yiuf
  2388 | D:3      | Reached XP level 4. HP: 41/41 MP: 3/3
  2422 | D:3      | Found a white marble altar of Elyvilon.
  2835 | D:3      | Killed Crazy Yiuf
  3075 | D:4      | Reached skill level 5 in Axes
  3089 | D:4      | Reached skill level 1 in Shields
  3089 | D:4      | Reached XP level 5. HP: 20/47 MP: 4/4
  3399 | D:4      | Found an opulent altar of Gozag.
  3399 | D:4      | Noticed a lemure
  3399 | D:4      | Noticed a lemure
  3399 | D:4      | Noticed a lemure
  3399 | D:4      | Noticed a lemure
  3399 | D:4      | Noticed Pikel
  3406 | D:4      | Mangled by Pikel

Illustrated notes

Levels and vault maps discovered:
D:1:      giann_horns, layout_basic, chequers_garden, nrook_campfire,
          minmay_octomino_e4
D:2:      layout_basic
D:3:      layout_rooms, nicolae_overflow_crystal_walls, uniq_crazy_yiuf_cottage
D:4:      minmay_chambers_of_twos, layout_rooms,
          nicolae_gozag_cash_rules_everything_around_me,
          nicolae_ru_sacrificial_ziggurat, minmay_hedge_maze,
          uniq_blork_the_orc, uniq_pikel, uniq_edmund

Skill      XL: |  1  2  3  4 |
---------------+-------------+-----
Fighting       | 4 |  4.7
Axes           | 4 5 |  5.1
Armour         | 3 |  3.5
Shields        | 1 |  1.1
Dodging        | |  2.5
Stealth        | |  0.2

Action                   |  1- 3 |  4- 6 || total
-------------------------+-------+-------++-------
Melee: Hand axe          |    98 |    46 ||   144
       Headbutt          |    11 |    11 ||    22
Invok: Berserk           |       |     1 ||     1
       Trog's Hand       |       |     1 ||     1
Armor: Animal skin       |     2 |       ||     2
       Scale mail        |    30 |    16 ||    46
Dodge: Dodged            |    68 |    15 ||    83
Block: Buckler           |     1 |     9 ||    10

Table legend: (Time is in decaauts)
 A = Elapsed time spent in this place.
 B = Non-inter-level travel time spent in this place.
 C = Inter-level travel time spent in this place.
 D = Time resting spent in this place.
 E = Time spent auto-exploring this place.
 F = Levels seen in this place.
 G = Mean time per level.
                   A        B        C        D        E       F      G
               +--------+--------+--------+--------+--------+-----+--------+
         Total |   3420 |   3305 |    115 |    174 |   2759 |   4 |  855.0 |
       Dungeon |   3420 |   3305 |    115 |    174 |   2759 |   4 |  855.0 |
               +--------+--------+--------+--------+--------+-----+--------+

Top non-repeatable levels by time:
     D:1: 1235 daAuts
     D:2: 908 daAuts
     D:3: 863 daAuts
     D:4: 412 daAuts
